 Dungeon Crawl Stone Soup version 0.24-a0-365-ga4d96b6e6e (webtiles) character file.

Game seed: 16667745904151434961

1597 theanonym the Magician (level 8, -5/52 HPs)
             Began as an Octopode Wizard on May 27, 2019.
             Was an Initiate of Vehumet.
             Killed by divine providence
             ... invoked by an orc priest
              (11 damage)
             ... on level 7 of the Dungeon.
             The game lasted 00:11:06 (7764 turns).

theanonym the Magician (Octopode Wizard)            Turns: 7764, Time: 00:11:07

Health: -5/52      AC:  1    Str:  6    XL:     8   Next: 93%
Magic:  24/27      EV: 13    Int: 22    God:    Vehumet [......]
Gold:   294        SH:  0    Dex: 11    Spells: 9/20 levels left

rFire    . . .     SeeInvis .   l - +5 falchion (freeze)
rCold    . . .     Gourm    .   (no shield)
rNeg     . . .     Faith    .   a - +0 hat
rPois    .         Spirit   .   (no amulet)
rElec    .         Reflect  .   (no ring)
rCorr    .         Harm     .   p - ring of magical power
MR       .....                  (no ring)
Stlth    ++++......             (no ring)
HPRegen  0.17/turn              (no ring)
MPRegen  0.20/turn              (no ring)
                                (no ring)
                                (no ring)

@: lethally poisoned (-5 -> -13)
A: almost no armour, stealthy swim, amphibious, 8 rings, constrict 8, camouflage
1, gelatinous body 1
a: Renounce Religion


Innate Abilities, Weirdness & Mutations

You cannot wear most types of armour.
You are very stealthy in the water. (Stealth+)
You are amphibious.
You can wear up to eight rings at the same time.
You can use your tentacles to constrict eight enemies at once.
Your skin changes colour to match your surroundings (Stealth+).
Your rubbery body absorbs attacks. (AC +1, EV +1)


   Skills:
 + Level 3.3 Fighting
 - Level 2.0 Dodging
 - Level 5.2 Stealth
 + Level 6.8 Spellcasting
 - Level 6.7 Conjurations
 - Level 1.0 Summonings
 - Level 1.0 Translocations
 * Level 1.3 Fire Magic
 - Level 1.0 Air Magic
 - Level 1.0 Poison Magic


You had 9 spell levels left.
You knew the following spells:

 Your Spells              Type           Power        Failure   Level  Hunger
a - Magic Dart            Conj           ####         1%          1    None
b - Call Imp              Summ           ##......     9%          2    None
c - Conjure Flame         Conj/Fire      ####....     4%          3    None
d - Mephitic Cloud        Conj/Pois/Air  ###.....     8%          3    None
l - Blink                 Tloc           N/A          9%          2    None

Your spell library contained the following spells:

 Spells                   Type           Power        Failure   Level  Hunger
 Slow                     Hex            #.......     13%         2    None

Skill      XL: |  1  2  3  4  5  6  7  8 |
---------------+-------------------------+-----
Stealth        | 3 4 5 |  5.2
Conjurations   | 2 3 4 5 6 |  6.7
Poison Magic   | 1 |  1.0
Air Magic      | 1 |  1.0
Spellcasting   | 4 5 6 |  6.8
Fire Magic     | 1 |  1.3
Fighting       | 3 |  3.3
Dodging        | |  2.0
Summonings     | |  1.0
Translocations | |  1.0

Action                   |  1- 3 |  4- 6 |  7- 9 || total
-------------------------+-------+-------+-------++-------
Melee: Unarmed           |     7 |       |       ||     7
       Constrict         |     7 |    11 |    12 ||    30
       Tentacles         |     4 |     7 |     9 ||    20
       Mace              |     6 |       |       ||     6
       Dagger            |    11 |    44 |    36 ||    91
       Falchion          |       |       |     8 ||     8
 Cast: Magic Dart        |    49 |   125 |   153 ||   327
       Mephitic Cloud    |       |     1 |     2 ||     3
       Call Imp          |       |     1 |       ||     1
       Conjure Flame     |       |       |     3 ||     3
Evoke: Wand              |       |     3 |     4 ||     7
  Use: Scroll            |       |       |    12 ||    12
 Stab: Sleeping          |       |     4 |     7 ||    11
  Eat: Chunk             |     2 |     6 |     6 ||    14
       Ration            |       |     1 |     1 ||     2
Armor: Skin              |     2 |     5 |     2 ||     9
Dodge: Dodged            |    22 |    45 |    47 ||   114
       Rpst.: Falchion   |       |       |     3 ||     3

Inventory:

Hand Weapons
 l - a +5 falchion of freezing (weapon)
 s - a +1 dagger of freezing
Armour
 a - a +0 hat (worn)
Jewellery
 p - a ring of magical power (right tentacle)
Wands
 m - a wand of iceblast (7)
 q - a wand of paralysis (10)
 v - a wand of acid (11)
 w - a wand of flame (35)
 x - a wand of polymorph (11)
Scrolls
 b - a scroll of immolation
 g - 3 scrolls of amnesia
Potions
 c - a potion of invisibility {unknown}
 d - a potion of resistance
 f - a potion of mutation
 i - 2 potions of ambrosia {unknown}
 j - a potion of magic
 k - a potion of brilliance
 o - a potion of heal wounds {unknown}
 u - a potion of berserk rage {unknown}
Comestibles
 e - 7 rations
 h - 7 chunks of flesh


You were on level 7 of the Dungeon.
You worshipped Vehumet.
Vehumet was noncommittal.
You were not hungry.

You visited 2 branches of the dungeon, and saw 8 of its levels.

You collected 450 gold pieces.
You spent 156 gold pieces at shops.

Dungeon Overview and Level Annotations

Branches:
Dungeon (7/15)             Temple (1/1) D:7

Altars:
Ashenzari
Cheibriados
Elyvilon
Gozag
Kikubaaqudgha
Makhleb
Nemelex Xobeh
Okawaru
Sif Muna
Uskayaw
Vehumet
Wu Jian
Xom
Zin
The Shining One

Shops:
D:6

} ............#
..<.#
....###.#####
....# ###.#
#.########.#.#
#.#
#..........#.####
..#
####..........>.#
###
#.#####.#.##.#
#.# #..(.#.# #.#
#.#..#.# #.#
#@#..#.# #.#
#S#..#.###### #.#
#............ #.#
###..#[#####.
#..#.# ##o#.#
.o#.# ....#
##.###


You could see a water moccasin, an orc priest and an orc wizard.

Notes
Turn   | Place    | Note
-------+----------+-------------------------------------------
     0 | D:1      | theanonym the Octopode Wizard began the quest for the Orb.
     0 | D:1      | Reached XP level 1. HP: 11/11 MP: 4/4
    62 | D:1      | HP: 3/11 [dart slug/slug dart (5)]
   400 | D:1      | Reached skill level 3 in Stealth
   700 | D:1      | Reached XP level 2. HP: 17/17 MP: 1/6
  1014 | D:2      | Reached XP level 3. HP: 21/21 MP: 1/7
  1073 | D:2      | Learned a level 3 spell: Mephitic Cloud
  1076 | D:2      | Learned a level 2 spell: Call Imp
  1269 | D:2      | Reached skill level 2 in Conjurations
  1332 | D:2      | Found an iron altar of Okawaru.
  1484 | D:2      | Reached XP level 4. HP: 27/27 MP: 7/9
  1485 | D:2      | Found a snail-covered altar of Cheibriados.
  1533 | D:2      | Found an ancient bone altar of Kikubaaqudgha.
  1538 | D:2      | Reached skill level 1 in Poison Magic
  1609 | D:2      | Reached skill level 1 in Air Magic
  1689 | D:2      | Learned a level 2 spell: Blink
  1817 | D:2      | Found a sparkling altar of Nemelex Xobeh.
  1825 | D:2      | Reached skill level 4 in Stealth
  2005 | D:3      | Found a shimmering altar of Xom.
  2046 | D:3      | HP: 8/27 [worm (10)]
  2607 | D:3      | HP: 13/27 [hobgoblin/cursed +0 club (2)]
  3229 | D:4      | Reached XP level 5. HP: 23/31 MP: 10/10
  3402 | D:4      | Noticed an ogre
  3438 | D:4      | Learned a level 3 spell: Conjure Flame
  3441 | D:4      | Killed an ogre
  3441 | D:4      | Reached skill level 5 in Stealth
  3441 | D:4      | Reached skill level 4 in Spellcasting
  3441 | D:4      | Reached skill level 3 in Conjurations
  3441 | D:4      | Reached XP level 6. HP: 36/36 MP: 10/12
  3506 | D:4      | HP: 18/36 [hound (4)]
  3530 | D:4      | HP: 17/36 [giant cockroach (2)]
  3696 | D:4      | Found an ancient bone altar of Kikubaaqudgha.
  3702 | D:4      | Noticed a human
  3703 | D:4      | Killed a human
  3796 | D:4      | HP: 14/36 [centaur skeleton (6)]
  4129 | D:4      | HP: 15/36 [worker ant (6)]
  4134 | D:4      | HP: 13/36 [poisoned by a worker ant]
  4141 | D:4      | HP: 12/36 [poisoned by a worker ant]
  4149 | D:4      | HP: 11/36 [poisoned by a worker ant]
  4199 | D:4      | Noticed an eye of draining
  4207 | D:4      | Noticed an ice beast
  4210 | D:4      | Killed an eye of draining
  4210 | D:4      | Reached skill level 4 in Conjurations
  4210 | D:4      | Reached XP level 7. HP: 21/41 MP: 2/14
  4213 | D:4      | Reached skill level 5 in Spellcasting
  4630 | D:5      | Entered Level 5 of the Dungeon
  4893 | D:5      | Reached skill level 1 in Fire Magic
  4944 | D:5      | Found a hide-covered altar of Uskayaw.
  4987 | D:5      | Found a sand-covered staircase.
  4996 | D:5      | HP: 13/41 [mummy (16)]
  5186 | D:5      | Reached skill level 5 in Conjurations
  5192 | D:5      | HP: 16/41 [something (6)]
  5217 | D:4      | HP: 19/41 [cloud of noxious fumes (1)]
  5577 | D:5      | Found an opulent altar of Gozag.
  5694 | D:5      | Reached XP level 8. HP: 46/46 MP: 7/16
  5879 | D:6      | Reached skill level 6 in Spellcasting
  6030 | D:6      | Reached skill level 1 in Fighting
  6278 | D:6      | Reached skill level 6 in Conjurations
  6394 | D:6      | Found Puaqyxuu's Gadget Shop.
  6397 | D:6      | Bought a wand of acid (2) for 156 gold pieces
  6492 | D:6      | Reached skill level 2 in Fighting
  6600 | D:6      | HP: 24/51 [wight/cursed +5 falchion of freezing (5)]
  6607 | D:6      | HP: 23/51 [wight/cursed +5 falchion of freezing (2)]
  6917 | D:6      | Reached skill level 3 in Fighting
  7327 | D:7      | Found a staircase to the Ecumenical Temple.
  7334 | Temple   | Entered the Ecumenical Temple
  7592 | Temple   | Became a worshipper of Vehumet
  7760 | D:7      | HP: 20/52 [orc priest/divine providence (12)]
  7763 | D:7      | HP: 7/52 [water moccasin (9)]
  7764 | D:7      | Killed from afar by an orc priest

Vanquished Creatures
  A sky beast (D:4)
  2 ice beasts
  An eye of draining (D:4)
  2 ogres
  A bullfrog (D:6)
  3 scorpions
  5 wights (D:6)
  2 crimson imps
  4 hounds
  An orc priest (D:6)
  A bullfrog skeleton (D:6)
  2 centaur skeletons
  4 worker ants
  A hound zombie (D:5)
  3 hound skeletons
  A mummy (D:5)
  3 gnolls (D:7)
  6 adders
  A shadow imp (D:5)
  An ooze (D:2)
  3 worms
  4 dart slugs
  3 leopard geckos
  9 orcs
  8 giant cockroaches
  3 goblins
  8 hobgoblins
  3 jackals (D:5)
  6 kobolds
  3 quokkas
  2 ball pythons (D:3)
  7 bats
  2 frilled lizards
  A jackal zombie (D:5)
  A quokka skeleton (D:5)
  4 rats
112 creatures vanquished.

Vanquished Creatures (others)
  A human (D:4)
1 creature vanquished.

Grand Total: 113 creatures vanquished

Table legend:
 A = Turns spent in this place as a percentage of turns spent in the entire game.
 B = Non-inter-level travel turns spent in this place as a percentage of non-inter-level travel turns spent in the entire game.
 C = Inter-level travel turns spent in this place as a percentage of turns spent in this place.
 D = Turns resting spent in this place as a percentage of non-inter-level travel turns spent in this place.
 E = Turns spent auto-exploring this place as a percentage of non-inter-level travel turns spent in this place.
 F = Non-inter-level travel turns spent in this place divided by the number of levels of this place that you've seen.
                   A       B       C       D       E      F
               +-------+-------+-------+-------+-------+----------------------
         Total | 100.0 | 100.0 |   3.6 |  45.4 |  43.7 | 935.8
       Dungeon |  96.3 |  96.9 |   3.0 |  46.8 |  41.9 | 1036.3
        Temple |   3.7 |   3.1 |  19.7 |   0.0 |  98.3 | 232.0
               +-------+-------+-------+-------+-------+----------------------
